 Dungeon Crawl Stone Soup version 0.27.1-34-g3ba077fa99 (webtiles) character file.

Game seed: 4807494223062617108

5429 hawla the Cruncher (level 10, -8/70 HPs)
             Began as a Grey Draconian Conjurer on Jan 20, 2022.
             Was a Follower of Vehumet.
             Mangled by a two-headed ogre (23 damage)
             ... on level 9 of the Dungeon.
             The game lasted 00:32:00 (12394 turns).

hawla the Cruncher (Grey Draconian Conjurer)       Turns: 12394, Time: 00:32:02

Health: -8/70      AC: 14    Str:  9    XL:     10   Next: 40%
Magic:  3/19       EV: 12    Int: 22    God:    Vehumet [*.....]
Gold:   545        SH:  4    Dex: 10    Spells: 11/21 levels left

rFire    . . .     SeeInvis .   c - +5 lajatang
rCold    + . .     Faith    .   (shield currently unavailable)
rNeg     . . .     Spirit   .   (armour unavailable)
rPois    .         Reflect  .   d - +2 hat
rElec    .         Harm     .   (no cloak)
rCorr    .         Rampage  .   (no gloves)
Will     ++...                  (no boots)
Stlth    ++........             (no amulet)
HPRegen  0.21/turn              b - ring of protection from cold
MPRegen  0.16/turn              m - ring of willpower

@: studying Fighting
A: AC +12, amphibious, unfitting armour, cold-blooded, large bone plates 1,
frail 1, strong-willed 1, sense surroundings 1
a: Renounce Religion


You were on level 9 of the Dungeon.
You worshipped Vehumet.
Vehumet was aware of your devotion.
You visited 2 branches of the dungeon, and saw 10 of its levels.

You collected 583 gold pieces.
You spent 38 gold pieces at shops.

Inventory:

Hand Weapons
 c - a +5 lajatang (weapon)
Missiles
 a - 5 boomerangs
 k - 3 throwing nets
 l - 42 poisoned darts (quivered)
 y - 8 atropa-tipped darts
Armour
 d - a +2 hat (worn)
Jewellery
 b - a ring of protection from cold (left hand)
 h - a ring of protection from cold
 m - a ring of willpower (right hand)
Wands
 n - a wand of flame (35)
 q - a wand of paralysis (3)
 r - a wand of mindburst (25)
Scrolls
 f - a scroll of identify
 g - 3 scrolls of teleportation
Potions
 e - a potion of cancellation
 i - a potion of brilliance {unknown}
 j - 5 potions of curing {unknown}
 o - 2 potions of degeneration {unknown}
 p - 2 potions of might {unknown}
 s - a potion of heal wounds {unknown}
 u - a potion of magic
 x - a potion of attraction {unknown}


   Skills:
 + Level 3.7 Fighting
 + Level 9.8 Staves
 - Level 2.0 Throwing
 - Level 2.0 Dodging
 - Level 2.0 Stealth
 - Level 6.0 Spellcasting
 - Level 6.0 Conjurations
 - Level 4.0 Translocations
 - Level 2.0 Transmutations
 - Level 6.0 Fire Magic
 - Level 2.0 Earth Magic
 - Level 2.0 Evocations


You had 11 spell levels left.
You knew the following spells:

 Your Spells              Type           Power      Damage    Failure   Level
a - Magic Dart            Conj           100%       1d8       1%          1
b - Searing Ray           Conj           66%        3d5       1%          2
c - Iskenderun's Mystic   Conj/Tloc      28%        2d7       12%         4
d - Apportation           Tloc           48%        N/A       1%          1
e - Passwall              Tmut/Erth      12%        N/A       6%          2

Your spell library contained the following spells:

 Spells                   Type           Power      Damage    Failure   Level
 Freeze                   Ice            24%        1d5       9%          1
 Shock                    Conj/Air       76%        1d7       2%          1
 Sandblast                Erth           30%        2d9       4%          1
 Dazzling Flash           Conj/Hex       38%        N/A       8%          3
 Animate Skeleton         Necr           12%        N/A       9%          1
 Corona                   Hex            6%         N/A       9%          1
 Summon Small Mammal      Summ           24%        N/A       9%          1
 Mephitic Cloud           Conj/Pois/Air  15%        N/A       12%         3
 Call Imp                 Summ           6%         N/A       14%         2
 Sublimation of Blood     Necr           3%         N/A       14%         2
 Swiftness                Air            6%         N/A       26%         3
 Fulminant Prism          Conj/Hex       9%         3d7       26%         4
 Petrify                  Tmut/Erth      15%        N/A       36%         4
 Irradiate                Conj/Tmut      12%        3d18      43%         5
 Airstrike                Air            3%         N/A       65%         4
 Lee's Rapid Deconstruct  Erth           7%         3d8*      73%         5
 Starburst                Conj/Fire      16%        6d6       75%         6
 Alistair's Intoxication  Tmut/Pois      7%         N/A       86%         5
 Borgnjor's Vile Clutch   Necr/Erth      5%         N/A       86%         5
 Eringya's Noxious Bog    Tmut/Pois      5%         N/A       100%        6


Dungeon Overview and Level Annotations

Branches:
Dungeon (9/15)             Temple (1/1) D:4
   Lair: D:8-11         Orc: D:9-12

Altars:
Ashenzari
Cheibriados
Dithmenos
Elyvilon
Fedhas
Gozag
Hepliaklqana
Kikubaaqudgha
Makhleb
Nemelex Xobeh
Okawaru
Ru
Trog
Uskayaw
Vehumet
Wu Jian
Xom
Yredelemnul
Zin
The Shining One

Shops:
D:1 (   D:4 [   D:5 *

Annotations:
D:2 dig the loot


Innate Abilities, Weirdness & Mutations

Your dull iron-grey scales are very hard. (AC +12)
You are amphibious.
You cannot fit into any form of body armour.
You are cold-blooded and may be slowed by cold attacks.
You are partially covered in large bone plates. (SH +4)
You are frail. (-10% HP)
You are strong-willed. (Will+)
You passively map a small area around you.


Message History

The two-headed ogre is heavily wounded.
The two-headed ogre barely misses you.
The two-headed ogre hits you with a +0 giant spiked club!
The searing ray hits the two-headed ogre!
The two-headed ogre is severely wounded.
The two-headed ogre hits you with a +0 giant club!
The two-headed ogre hits you with a +0 giant spiked club!
Casting: Searing Ray (safe; 1% risk of failure)
Confirm with . or Enter, or press ? or * to list all spells.
You erupt in a blast of force!
The mystic blast hits the two-headed ogre.
The two-headed ogre is almost dead.
The two-headed ogre hits you with a +0 giant club!
* * * LOW HITPOINT WARNING * * *
The two-headed ogre hits you with a +0 giant spiked club.
* * * LOW HITPOINT WARNING * * *
Okay, then.
As you read the scroll of fear, it crumbles to dust.
You assume a fearsome visage.
The two-headed ogre looks frightened!
The two-headed ogre pleads, "Why can't we all just get along?"
The two-headed ogre nearly stumbles in trying to escape.
The two-headed ogre seems to regain its courage.
A two-headed ogre is nearby!
A two-headed ogre is nearby!
There is a stone staircase leading up here.
Casting: Iskenderun's Mystic Blast (dangerous; 12% risk of failure)
Confirm with . or Enter, or press ? or * to list all spells.
Aiming: Searing Ray (safe; 1% risk of failure)
Press: ? - help, Shift-Dir - straight line, f/p - two-headed ogre
Aim: a two-headed ogre, wielding a +0 giant club and a +0 giant spiked club (severely wounded, 91% to hit)
The searing ray hits the two-headed ogre.
The two-headed ogre is severely wounded. (Press . to maintain the ray.)
Casting: Searing Ray (safe; 1% risk of failure)
Confirm with . or Enter, or press ? or * to list all spells.
You erupt in a blast of force!
The mystic blast hits the two-headed ogre!
The two-headed ogre is almost dead.
The two-headed ogre hits you with a +0 giant club!!
You die...

* ,#########
#O......!,*
#.# * #.# #.#
,#.###########
*
#......O....#
*
#.#########.#
### #@O..##O#
* ####.##.#
#.##.# ,
####.##.#
#....O..# ,
#.##^#### #
*#.# * ..#
####


You could see a two-headed ogre.

Vanquished Creatures
  A centaur warrior (D:8)
  Pikel (D:6)
  2 wyverns (D:8)
  A yak (D:6)
  A vampire mosquito (D:8)
  4 water moccasins
  2 sky beasts
  3 black bears
  An orc warrior (D:8)
  An ice beast (D:8)
  3 necrophages
  4 ogres
  A centaur (D:6)
  4 kobold brigands
  A lemure (D:6)
  A phantom (D:4)
  3 bullfrogs
  2 scorpions (D:5)
  A gnoll sergeant (D:7)
  4 water moccasin skeletons
  2 wights
  2 howler monkeys
  A centaur zombie (D:7)
  2 jellies
  2 orc priests
  3 hounds
  2 bullfrog skeletons (D:6)
  2 gnoll shamans
  7 iguanas
  3 orc wizards (D:8)
  A scorpion zombie (D:5)
  A killer bee zombie (D:8)
  Robin (D:4)
  5 adders
  14 gnolls
  A howler monkey skeleton (D:4)
  2 shadow imps
  5 white imps
  An ufetubus (D:6)
  A worm (D:3)
  3 dart slugs
  12 orcs
  7 endoplasms
  4 giant cockroaches
  16 goblins
  11 hobgoblins
  2 jackals (D:5)
  3 quokkas
  13 ball pythons
  7 bats
  A frilled lizard (D:3)
  19 kobolds
  A quokka skeleton (D:4)
  A rat (D:1)
199 creatures vanquished.

Vanquished Creatures (collateral kills)
  A kobold (D:2)
1 creature vanquished.

Grand Total: 200 creatures vanquished

Notes
Turn   | Place    | Note
-------+----------+-------------------------------------------
     0 | D:1      | hawla the Draconian Conjurer began the quest for the Orb.
     0 | D:1      | Reached XP level 1. HP: 14/14 MP: 3/3
   436 | D:1      | Reached XP level 2. HP: 21/22 MP: 5/5
   439 | D:1      | Learned a level 2 spell: Searing Ray
   661 | D:1      | Found Eruugoong's Antique Weapon Boutique.
   934 | D:1      | Reached skill level 1 in Fighting
  1731 | D:1      | Reached XP level 3. HP: 28/28 MP: 3/6
  1992 | D:2      | Reached skill level 1 in Staves
  2196 | D:2      | Found a faded altar of an unknown god.
  2322 | D:2      | Reached skill level 1 in Translocations
  3143 | D:3      | Reached XP level 4. HP: 27/35 MP: 7/7
  3148 | D:3      | Learned a level 4 spell: Iskenderun's Mystic Blast
  3464 | D:3      | Noticed a bullfrog
  3472 | D:3      | Killed a bullfrog
  3473 | D:3      | Reached skill level 2 in Staves
  3473 | D:3      | Reached XP level 5. HP: 23/40 MP: 3/9
  4065 | D:3      | You fall into a shaft and drop 2 floors!
  4065 | D:5      | Entered Level 5 of the Dungeon
  4175 | D:5      | Found Heut's Serpentskin Sales.
  4180 | D:5      | Bought 8 poisoned darts for 38 gold pieces
  4505 | D:5      | Reached skill level 5 in Conjurations
  4505 | D:5      | Reached XP level 6. HP: 38/47 MP: 10/10
  4670 | D:4      | Found a staircase to the Ecumenical Temple.
  4682 | Temple   | Entered the Ecumenical Temple
  4806 | D:4      | Found Reofyiwk's Armour Shop.
  4818 | D:4      | Found a shadowy altar of Dithmenos.
  4933 | D:4      | Reached skill level 3 in Staves
  5382 | D:4      | Your scales start taking on a dull iron-grey colour.
  5382 | D:4      | Reached XP level 7. HP: 20/52 MP: 5/12
  5595 | D:4      | Noticed Robin
  5609 | D:4      | Killed Robin
  6203 | D:4      | Found a sparkling altar of Nemelex Xobeh.
  6203 | D:4      | Found an opulent altar of Gozag.
  6497 | D:5      | Reached skill level 4 in Staves
  6849 | D:5      | Learned a level 6 spell: Starburst
  6972 | D:5      | Reached XP level 8. HP: 34/59 MP: 6/14
  6977 | D:5      | Reached skill level 1 in Fire Magic
  7128 | D:5      | Reached skill level 1 in Throwing
  7128 | D:5      | Reached skill level 1 in Evocations
  7194 | D:5      | Reached skill level 5 in Staves
  8105 | D:6      | Reached skill level 5 in Spellcasting
  8222 | D:6      | Noticed Pikel
  8232 | D:6      | Killed Pikel
  8233 | D:6      | Reached skill level 6 in Staves
  8233 | D:6      | Reached XP level 9. HP: 62/67 MP: 3/17
  8354 | D:6      | Found a radiant altar of Vehumet.
  8415 | D:6      | Became a worshipper of Vehumet
  9239 | D:6      | Reached skill level 7 in Staves
  9239 | D:6      | Reached skill level 5 in Fire Magic
  9763 | D:7      | Gained mutation: You passively map a small area around you.
                  | [potion of mutation]
  9763 | D:7      | Gained mutation: You are strong-willed. (Will+) [potion of
                  | mutation]
  9763 | D:7      | Gained mutation: You are frail. (-10% HP) [potion of
                  | mutation]
  9763 | D:7      | Gained mutation: You are partially covered in large bone
                  | plates. (SH +4) [potion of mutation]
  9770 | D:6      | Reached * piety under Vehumet
  9770 | D:6      | Offered knowledge of Freeze by Vehumet.
 10167 | D:7      | Reached skill level 8 in Staves
 10703 | D:8      | Learned a level 1 spell: Apportation
 10711 | D:8      | Learned a level 2 spell: Passwall
 10765 | D:8      | Reached XP level 10. HP: 65/65 MP: 11/19
 11018 | D:8      | Noticed a centaur warrior
 11026 | D:8      | Reached skill level 1 in Transmutations
 11026 | D:8      | Reached skill level 1 in Earth Magic
 11028 | D:8      | Killed a centaur warrior
 11029 | D:8      | Reached skill level 9 in Staves
 11748 | D:8      | Found a hide-covered altar of Uskayaw.
 12355 | D:9      | Noticed a two-headed ogre
 12394 | D:9      | Mangled by a two-headed ogre

Illustrated notes

Levels and vault maps discovered:
D:1:      dpeg_chamrin_arrival_tetris, layout_basic, serial_shops, shop_coins,
          hangedman_decor_points
D:2:      layout_basic, hellmonk_ecumenical_altar_leap_of_faith,
          glass_columns_b, due_unseen_surprise
D:3:      minmay_inner_zag, layout_loops_corners
D:4:      layout_basic, nicolae_dithmenos_through_a_glass_darkly,
          grunt_temple_overflow_opulence, temple_hall, serial_shops,
          kennysheep_mini_moat, uniq_robin
D:5:      minmay_opposing_rooms, layout_loops_ring, guppyfry_shop_venom
D:6:      layout_basic, mainiacjoe_overflow_alcove_2, st_stairs_1,
          kennysheep_another_room, kennysheep_small_spiral, minmay_pentangle,
          uniq_pikel
D:7:      layout_cave_pools, glass_columns_b, hex_large
D:8:      layout_basic, nicolae_uskayaw_dance_studio, minmay_manual_mess
D:9:      layout_basic, marbit_many_paths, orc_0_dummy, minmay_holes,
          st_stairs_9, chequers_serial_rivers_micro_c, grunt_ministairs_5,
          minivault_10
Temple:   eino_wide_crystal_templ

Skill      XL: |  1  2  3  4  5  6  7  8  9 10 |
---------------+-------------------------------+-----
Dodging        | 2 |  2.0
Stealth        | 2 |  2.0
Fighting       | 1 2 3 |  3.7
Staves         | 1 2 3 4 6 8 9 |  9.8
Translocations | 1 2 3 4 |  4.0
Spellcasting   | 3 4 5 6 |  6.0
Conjurations   | 5 6 |  6.0
Fire Magic     | 3 6 |  6.0
Throwing       | 2 |  2.0
Evocations     | 2 |  2.0
Transmutations | 2 |  2.0
Earth Magic    | 2 |  2.0

Action                   |  1- 3 |  4- 6 |  7- 9 | 10-12 || total
-------------------------+-------+-------+-------+-------++-------
Melee: Dagger            |    50 |       |       |       ||    50
       Unarmed           |    10 |       |       |       ||    10
       Tailslap          |    12 |    11 |     8 |     8 ||    39
       Rapier            |    62 |       |       |       ||    62
       Lajatang          |    14 |   141 |   121 |    64 ||   340
Throw: Dart              |       |       |     2 |       ||     2
 Cast: Magic Dart        |     5 |       |     4 |     6 ||    15
       Searing Ray       |     9 |     6 |    41 |     8 ||    64
       Iskenderun's Myst |       |     3 |    26 |    13 ||    42
       Passwall          |       |       |     3 |     2 ||     5
       Apportation       |       |       |     1 |       ||     1
Evoke: Wand              |       |       |     2 |       ||     2
  Use: Scroll            |     4 |     1 |    13 |     4 ||    22
       Potion            |       |       |     4 |       ||     4
 Stab: Sleeping          |     2 |     3 |     2 |     1 ||     8
       Distracted        |     1 |       |       |       ||     1
Armor: Skin              |    65 |    54 |   116 |    29 ||   264
Dodge: Dodged            |   110 |   115 |   134 |    45 ||   404
Block: Other             |       |       |     4 |    14 ||    18
